 Dungeon Crawl Stone Soup version 0.30.0-29-ga12c61a403 (webtiles) character file.

Game seed: 17091596092073813914

746 JanusIIV the Skirmisher (level 7, -6/44 HPs)
             Began as a Deep Elf Hunter on June 6, 2023.
             Shot with an arrow by a centaur (16 damage)
             ... on level 5 of the Dungeon.
             The game lasted 00:05:09 (4699 turns).

JanusIIV the Skirmisher (Deep Elf Hunter)           Turns: 4699, Time: 00:05:10

Health: -6/44      AC:  3    Str:  8    XL:     7   Next: 48%
Magic:  9/9        EV: 12    Int: 14    God:
Gold:   278        SH:  0    Dex: 20    Spells: 6/6 levels left

rFire   . . .        a - +0 shortbow
rCold   . . .        (shield currently unavailable)
rNeg    . . .        c - +0 leather armour
rPois   .            (no helmet)
rElec   .            (no cloak)
rCorr   .            (no gloves)
SInv    .            (no boots)
Will    +....        (no amulet)
Stlth   ++           u - ring of willpower
HPRegen 0.27/turn    (no ring)
MPRegen 0.11/turn

%: no passive effects
@: no status effects
A: no striking features
a: no special abilities


You were on level 5 of the Dungeon.
You visited 2 branches of the dungeon, and saw 6 of its levels.

You collected 278 gold pieces.

Inventory:

Hand Weapons
 a - a +0 shortbow (weapon)
Armour
 c - a +0 leather armour (worn)
Jewellery
 n - a ring of fire
 u - a ring of willpower (left hand)
 D - a ring of fire
Wands
 y - a wand of mindburst (2)
 C - a wand of acid (11)
Scrolls
 b - 2 scrolls of immolation
 d - 3 scrolls of vulnerability {unknown}
 e - 3 scrolls of teleportation {unknown}
 g - a scroll of enchant weapon {unknown}
 j - 2 scrolls of magic mapping {unknown}
 o - a scroll of enchant armour {unknown}
 p - a scroll of silence {unknown}
 r - a scroll of butterflies {unknown}
 t - 8 scrolls of identify {unknown}
 x - a scroll of fear {unknown}
 A - a scroll of blinking {unknown}
Potions
 f - 2 potions of degeneration {unknown}
 h - a potion of might {unknown}
 i - a potion of haste {unknown}
 k - a potion of flight {unknown}
 l - 2 potions of invisibility {unknown}
 m - 2 potions of ambrosia {unknown}
 q - a potion of lignification {unknown}
 s - 4 potions of curing {unknown}
 v - 2 potions of mutation {unknown}
 w - a potion of cancellation {unknown}
 z - a potion of magic {unknown}
 B - a potion of berserk rage {unknown}


   Skills:
 - Level 5.0 Fighting
 * Level 9.5 Ranged Weapons
 + Level 0.3 Armour
 - Level 2.4 Dodging
 - Level 1.2 Stealth


You had 6 spell levels left.
You didn't know any spells.
Your spell library was empty.

Dungeon Overview and Level Annotations

Branches:
Dungeon (5/15)             Temple (1/1) D:4

Altars:
Elyvilon
Fedhas
Hepliaklqana
Kikubaaqudgha
Makhleb
Nemelex Xobeh
Ru
Sif Muna
Trog
Uskayaw
Wu Jian
Yredelemnul

Shops:
D:1 (


Message History

The arrow hits the iguana!
The iguana is heavily wounded.
You shoot an arrow. The arrow hits the iguana.
The iguana is heavily wounded.
You shoot an arrow. The arrow hits the iguana!
You kill the iguana!
No target in view!
Found a stone staircase leading up.
No target in view!
There is a stone staircase leading up here.
You now have 278 gold pieces (gained 4).
A centaur comes into view.
The centaur wields a +0 shortbow.
The centaur shoots an arrow.
The arrow barely misses you.
You shoot an arrow. The arrow barely misses the centaur.
The centaur shoots an arrow.
The arrow completely misses you.
The centaur shoots an arrow.
The arrow misses you.
You shoot an arrow. The arrow hits the centaur.
The centaur is lightly wounded.
The centaur shoots an arrow.
The arrow hits you!
The centaur shoots an arrow.
The arrow barely misses you.
You shoot an arrow.
The arrow hits the centaur but does no damage.
The centaur is lightly wounded.
You shoot an arrow. The arrow hits the centaur.
The centaur is lightly wounded.
The centaur shoots an arrow.
The arrow hits you!
The centaur shoots an arrow.
The arrow hits you!
You are too injured to fight recklessly!
You are too injured to fight recklessly!
You are too injured to fight recklessly!
Fire: a) +0 shortbow
Press: ? - help, Q - select action, (/) - cycle Shift-Dir - straight line, f/p - centaur
Aim: a centaur, wielding a +0 shortbow (lightly wounded, 77% to hit)
You shoot an arrow. The arrow hits the centaur!
The centaur is heavily wounded.
The centaur shoots an arrow.
The arrow hits you!
* * * LOW HITPOINT WARNING * * *
The centaur shoots an arrow.
The arrow hits you!
You die...

### #.# .# #.# .#
#.# .# ##### #.#
.# ....# #.# c#
##.## #.# .#
#.##############.#
#..............@.#
##...............#
#...............#
#################
#.# #.# #?# #.# #.


You could see a centaur.

Vanquished Creatures
  2 black bears
  An ogre (D:5)
  A bullfrog (D:3)
  A scorpion (D:4)
  A howler monkey (D:5)
  An orc priest (D:4)
  2 iguanas (D:5)
  7 gnolls
  8 adders
  A shadow imp (D:5)
  2 white imps (D:5)
  2 worms
  4 dart slugs
  3 orcs
  4 ball pythons
  6 endoplasms
  4 giant cockroaches
  6 goblins
  7 hobgoblins
  5 kobolds
  3 quokkas
  2 bats
  4 frilled lizards
  4 rats
81 creatures vanquished.

Notes
Turn   | Place    | Note
-------+----------+-------------------------------------------
     0 | D:1      | JanusIIV the Deep Elf Hunter began the quest for the Orb.
     0 | D:1      | Reached XP level 1. HP: 12/12 MP: 3/3
   106 | D:1      | Found Xezu's Weapon Boutique.
   265 | D:1      | Reached XP level 2. HP: 17/17 MP: 4/4
   859 | D:2      | Reached skill level 6 in Ranged Weapons
   932 | D:2      | Reached XP level 3. HP: 21/21 MP: 5/5
   955 | D:2      | Found the +8 orange crystal plate armour {Archmagi, Int+3
                  | Clar}
  1478 | D:2      | Reached XP level 4. HP: 27/27 MP: 6/6
  2062 | D:3      | Noticed a black bear
  2069 | D:3      | Killed a black bear
  2070 | D:3      | Reached skill level 7 in Ranged Weapons
  2070 | D:3      | Reached XP level 5. HP: 22/32 MP: 7/7
  2802 | D:4      | Reached XP level 6. HP: 38/38 MP: 8/8
  2895 | D:3      | Reached skill level 8 in Ranged Weapons
  3085 | D:4      | Found a staircase to the Ecumenical Temple.
  3100 | Temple   | Entered the Ecumenical Temple
  3608 | D:4      | Reached XP level 7. HP: 35/44 MP: 9/9
  3749 | D:4      | Found a burning altar of Makhleb.
  3910 | D:5      | Entered Level 5 of the Dungeon
  4267 | D:5      | Reached skill level 9 in Ranged Weapons
  4273 | D:5      | Reached skill level 5 in Fighting
  4699 | D:5      | Shot with an arrow by a centaur

Illustrated notes

Levels and vault maps discovered:
D:1:      dpeg_arrival_triangle_fractal, layout_basic, serial_shops, shop,
          dk_noncrumbling_3
D:2:      layout_loops_corners
D:3:      layout_basic, minmay_ruptured
D:4:      layout_cave_pools, lemuel_doored_altar,
          minmay_temple_entry_stoned_glass, dreamdust_wishing_well
D:5:      layout_loops_ring, mainiacjoe_overflow_alcove_4,
          serial_co_window_serial, co_window_of_opportunity_a,
          co_window_of_opportunity_a, co_window_paths_a, co_window_paths_a,
          co_window_corner_a, co_window_broadway_a, co_window_broadway_c,
          co_window_broadway_b, co_window_of_opportunity_b,
          co_window_unsneaky_path_d, co_window_4corner_a, glass_columns_a,
          glass_columns_a, glass_columns_c
Temple:   grunt_temple_mini_profane

Skill      XL: |  1  2  3  4  5  6  7 |
---------------+----------------------+-----
Fighting       | 2 3 4 5 |  5.0
Ranged Weapons | 6 7 8 9 |  9.5
Armour         | |  0.3
Dodging        | |  2.4
Stealth        | |  1.2

Action                     |  1- 3 |  4- 6 |  7- 9 || total
---------------------------+-------+-------+-------++-------
   Fire: Shortbow          |    95 |   110 |    55 ||   260
    Use: Scroll            |       |     1 |       ||     1
 Armour: Leather armour    |     4 |     9 |     4 ||    17
  Dodge: Dodged            |    25 |    27 |    15 ||    67
